 Dungeon Crawl Stone Soup version 0.30.1-11-g7821555f0a (webtiles) character file.

Game seed: 6447341191537940064

18 Dalek the Firebug (level 2, 0/23 HPs)
             Began as a Hill Orc Fire Elementalist on Nov 11, 2023.
             Succumbed to an adder's poison
             ... on level 2 of the Dungeon.
             The game lasted 00:02:28 (540 turns).

Dalek the Firebug (Hill Orc Fire Elementalist)       Turns: 540, Time: 00:02:29

Health: 0/23       AC:  2    Str: 10    XL:     2   Next: 70%
Magic:  1/4        EV: 12    Int: 15    God:
Gold:   65         SH:  0    Dex: 11    Spells: 1/4 levels left

rFire   . . .        (no weapon)
rCold   . . .        (no shield)
rNeg    . . .        a - +0 robe
rPois   .            (no helmet)
rElec   .            (no cloak)
rCorr   .            (no gloves)
SInv    .            (no boots)
Will    .....        (no amulet)
Stlth   ++           (no ring)
HPRegen 0.23/turn    (no ring)
MPRegen 0.09/turn

%: no passive effects
@: lethally poisoned (0 -> -2)
A: no striking features
a: no special abilities


You were on level 2 of the Dungeon.
You visited 1 branch of the dungeon, and saw 2 of its levels.

You collected 65 gold pieces.

Inventory:

Armour
 a - a +0 robe (worn)
Scrolls
 c - a scroll of identify {unknown}
 d - a scroll of enchant weapon {unknown}
 e - a scroll of fear {unknown}


   Skills:
 + Level 1.4 Fighting
 * Level 0.5 Armour
 * Level 1.6 Dodging
 * Level 1.6 Stealth
 * Level 1.7 Spellcasting
 * Level 1.1 Conjurations
 * Level 3.5 Fire Magic


You had one spell level left.
You knew the following spells:

 Your Spells              Type           Power      Damage    Failure   Level
a - Foxfire               Conj/Fire      32%        2x1d5     9%          1
b - Scorch                Fire           22%        2d6       9%          2

Your spell library contained the following spells:

 Spells                   Type           Power      Damage    Failure   Level
 Inner Flame              Hex/Fire       6%         N/A       32%         3
 Volatile Blastmotes      Fire/Tloc      12%        2d11      32%         3
 Ignite Poison            Fire/Tmut/Pois 4%         N/A       38%         3
 Flame Wave               Conj/Fire      8%         2d5       65%         4
 Sticky Flame             Conj/Fire      8%         2d3       65%         4
 Ignition                 Fire           5%         3d4       100%        8


Dungeon Overview and Level Annotations

Branches:
Dungeon (2/15)

Altars:


Message History

The hobgoblin shouts!
The adder bites you. The adder attacks as you move away!
The adder completely misses you. The adder bites you but does no damage.
The adder is no longer more vulnerable to fire.
A goblin comes into view. It is wielding a +0 dagger.
Magic courses through your body. The adder bites you.
You are poisoned.
The adder poisons you!
Casting: Scorch (safe; 9% risk of failure)
Press: ? - help, Q - select action, (/) - cycle Dir - look around, f - activate Flames lash the adder.
The adder is almost dead.
The adder's fire resistance burns away.
You feel sick. The adder bites you. x2
You are lethally poisoned!
The adder poisons you!
Casting: Scorch (safe; 9% risk of failure)
Press: ? - help, Q - select action, (/) - cycle Dir - look around, f - activate Flames lash the adder.
The adder is burned terribly!
You kill the adder!
* * * LOW HITPOINT WARNING * * *
You feel sick.
Your Fighting skill increases to level 1!
You aren't carrying any potions.
Unknown command.
* * * LOW HITPOINT WARNING * * *
You feel sick.
Your magical contamination has completely faded away.
* * * LOW HITPOINT WARNING * * *
You feel sick.
* * * LOW HITPOINT WARNING * * *
You feel sick.
* * * LOW HITPOINT WARNING * * *
You feel sick.
You aren't carrying any potions.
Okay, then.
* * * LOW HITPOINT WARNING * * *
You feel sick.
You die...

######### #.......#
#########.......###
...............)@.#
#################.#
#.# #g# #.# #g# #.#
#.# #.#


You could see a hobgoblin and a goblin.

Vanquished Creatures
  An adder (D:2)
  A ball python (D:1)
  An endoplasm (D:1)
  2 goblins
  A hobgoblin (D:1)
  A quokka (D:1)
  A bat (D:2)
  A frilled lizard (D:1)
9 creatures vanquished.

Vanquished Creatures (others)
  10 foxfires (D:1)
10 creatures vanquished.

Grand Total: 19 creatures vanquished

Notes
Turn   | Place    | Note
-------+----------+-------------------------------------------
     0 | D:1      | Dalek the Hill Orc Fire Elementalist began the quest for
                  | the Orb.
     0 | D:1      | Reached XP level 1. HP: 14/14 MP: 3/3
   372 | D:1      | Reached XP level 2. HP: 13/20 MP: 2/4
   375 | D:1      | Learned a level 2 spell: Scorch
   535 | D:2      | Reached skill level 1 in Fighting
   538 | D:2      | HP: 1/23 [poisoned by an adder]
   540 | D:2      | Succumbed to an adder's poison

Illustrated notes

Levels and vault maps discovered:
D:1:      minmay_arrival_shoal_huts, layout_basic, serial_co_window_serial,
          co_window_of_opportunity_a, co_window_corner_a,
          co_window_of_opportunity_a, co_window_of_opportunity_a,
          co_window_corner_a, co_window_broadway_c, co_window_broadway_c,
          co_window_unsneaky_path_d, co_window_of_opportunity_c,
          co_window_corner_b, glass_columns_c, glass_columns_b,
          shapermc_ecumenical_altar_totnotflames
D:2:      layout_basic

Skill      XL: |  1  2 |
---------------+-------+-----
Fighting       | 1 |  1.4
Armour         | |  0.5
Dodging        | |  1.6
Stealth        | |  1.6
Spellcasting   | |  1.7
Conjurations   | |  1.1
Fire Magic     | |  3.5

Action                     || total
---------------------------++-------
   Cast: Foxfire           ||     6
         Scorch            ||     5
    Use: Potion            ||     1
 Armour: Robe              ||     2
  Dodge: Dodged            ||     5
